 Dungeon Crawl Stone Soup version 0.27-a0-1431-gcffa5a9b16 (webtiles) character file.

Game seed: 17203756327159233587

165 freelancePsychic the Shooter (level 5, -9/45 HPs)
             Began as a Minotaur Arcane Marksman on July 3, 2021.
             Killed by divine providence
             ... invoked by an orc priest
              (16 damage)
             ... on level 2 of the Dungeon.
             The game lasted 00:03:18 (3224 turns).

freelancePsychic the Shooter (MiAM)                 Turns: 3224, Time: 00:03:19

Health: -9/45      AC:  3    Str: 15    XL:     5   Next: 21%
Magic:  5/5        EV: 27    Int: 10    God:
Gold:   94         SH:  0    Dex: 11    Spells: 5/6 levels left

rFire    + . .     SeeInvis .   b - +1 spear (venom)
rCold    + . .     Faith    .   (no shield)
rNeg     . . .     Spirit   .   h - +0 leather armour
rPois    .         Reflect  .   (helmet restricted)
rElec    .         Harm     .   m - scarf {rC+ rF+}
rCorr    .         Rampage  .   (no gloves)
Will     .....                  (no boots)
Stlth    +.........             e - amulet of the acrobat
HPRegen  0.15/turn              (no ring)
MPRegen  0.09/turn              (no ring)

@: acrobatic
A: horns 2, retaliatory headbutt
a: no special abilities


You were on level 2 of the Dungeon.
You visited 1 branch of the dungeon, and saw 3 of its levels.

You collected 94 gold pieces.

Inventory:

Hand Weapons
 a - a +1 shortbow
 b - a +1 spear of venom (weapon)
Missiles
 c - 17 arrows
Armour
 h - a +0 leather armour (worn)
 m - a scarf of resistance (worn)
Jewellery
 e - an amulet of the acrobat (around neck)
Scrolls
 g - a scroll of fog
 j - a scroll of enchant weapon
 n - a scroll of teleportation {unknown}
Potions
 d - a potion of brilliance {unknown}
 i - a potion of invisibility {unknown}
 k - a potion of ambrosia


   Skills:
 + Level 3.1 Fighting
 * Level 4.5 Bows
 + Level 1.9 Armour
 - Level 2.9 Dodging
 - Level 1.0 Spellcasting
 - Level 2.0 Hexes


You had 5 spell levels left.
You knew the following spells:

 Your Spells              Type           Power      Damage    Failure   Level
a - Corona                Hex            4%         N/A       19%         1

Your spell library contained the following spells:

 Spells                   Type           Power      Damage    Failure   Level
 Slow                     Hex            4%         N/A       28%         2
 Inner Flame              Hex/Fire       2%         N/A       63%         3
 Portal Projectile        Hex/Tloc       4%         N/A       63%         3
 Gell's Gravitas          Tloc           0%         N/A       77%         3
 Lesser Beckoning         Tloc           0%         N/A       77%         3
 Teleport Other           Tloc           0%         N/A       77%         3
 Cause Fear               Hex            2%         N/A       88%         4
 Leda's Liquefaction      Hex/Erth       1%         N/A       95%         4


Dungeon Overview and Level Annotations

Branches:
Dungeon (3/15)

Altars:


Innate Abilities, Weirdness & Mutations

You have a pair of horns on your head.
You reflexively headbutt those who attack you in melee.


Message History

You are too injured to fight recklessly!
You are too injured to fight recklessly!
You are too injured to fight recklessly!
You are too injured to fight recklessly!
You are too injured to fight recklessly!
You are too injured to fight recklessly!
You are too injured to fight recklessly!
You are too injured to fight recklessly!
You hit the orc priest.
The orc priest is poisoned.
You headbutt the orc priest.
The orc priest is heavily wounded.
The orc priest hits you with a +0 flail!
A goblin comes into view. It is wielding a +0 club.
The orc wizard hits you but does no damage.
The orc wizard hits you with a +0 dagger.
The goblin shouts!
The orc wizard hits you with a +0 dagger.
The orc wizard misses you. The orc wizard completely misses you.
The orc throws a boomerang.
The boomerang completely misses you.
The orc wizard looks more healthy.
The orc wizard mumbles some strange words.
The orc wizard flickers and vanishes!
Deactivating autopickup; reactivate with Ctrl-A.
There is a stone staircase leading up here.
The orc wizard hits you with a +0 dagger.
The orc hits you but does no damage.
You climb upwards.
Reactivating autopickup.
There is a stone staircase leading down here.
The orc wizard misses you. You furiously retaliate!
You headbutt the orc wizard.
The orc priest mumbles some strange prayers to Beogh against you.
Pain shoots through your body! The orc completely misses you.
The orc hits you with a +0 flail!
* * * LOW HITPOINT WARNING * * *
The orc wizard completely misses you.
The orc priest calls down the wrath of Beogh upon you.
Beogh smites you!
You die...

##########†##########.#
.............########.#
#####.....†#..........#
#####.####.#########..###
........................#
...##.###........###..#.#
...##.####.#####.# #..#.#
...##..###.# #.# #..#.#
..###...##.# ###@###..#.#
### ##.###.# #.....#..#>#
.# #.# #.###.oo..#..#.#
.# #.# #......o.......#
.# #.# ####......####.#
.# #.# ####......# #.# .#
#.# #...##########.# .#
##.###............#.#
#####......############.#


You could see an orc priest (poisoned), an orc wizard and an orc.

Vanquished Creatures
  A kobold brigand (D:3)
  A gnoll (D:1)
  2 adders
  4 worms (D:2)
  4 dart slugs
  3 orcs (D:3)
  5 endoplasms
  A giant cockroach (D:2)
  4 goblins
  4 hobgoblins
  3 quokkas
  3 ball pythons (D:1)
  4 bats (D:1)
  3 frilled lizards
  4 kobolds
  4 rats
50 creatures vanquished.

Notes
Turn   | Place    | Note
-------+----------+-------------------------------------------
     0 | D:1      | freelancePsychic the Minotaur Arcane Marksman began the
                  | quest for the Orb.
     0 | D:1      | Reached XP level 1. HP: 16/16 MP: 1/1
   292 | D:1      | Reached XP level 2. HP: 23/23 MP: 2/2
   305 | D:1      | You fall into a shaft and drop 1 floor!
   670 | D:2      | Reached skill level 3 in Bows
   696 | D:2      | Reached XP level 3. HP: 29/29 MP: 3/3
  1451 | D:1      | Found a faded altar of an unknown god.
  2416 | D:2      | Reached XP level 4. HP: 37/37 MP: 4/4
  2855 | D:3      | Reached skill level 1 in Armour
  2955 | D:3      | Noticed a kobold brigand
  2976 | D:3      | Killed a kobold brigand
  2977 | D:3      | Reached skill level 4 in Bows
  2977 | D:3      | Reached XP level 5. HP: 21/45 MP: 5/5
  3224 | D:2      | Killed from afar by an orc priest

Illustrated notes

Levels and vault maps discovered:
D:1:      minmay_arrival_five_plusses, layout_loops_corners,
          shapermc_ecumenical_altar_totnotflames
D:2:      layout_loops_ring, serial_co_window_serial, co_window_corner_a,
          co_window_of_opportunity_a, co_window_paths_a, co_window_paths_b,
          co_window_paths_b, co_window_2corner, co_window_paths_c,
          co_window_broadway_a, co_window_paths_d, glass_columns_b,
          columned_hall_lemuel
D:3:      layout_rooms

Skill      XL: |  1  2  3  4 |
---------------+-------------+-----
Bows           | 3 4 |  4.5
Fighting       | 2 3 |  3.1
Armour         | 1 |  1.9
Dodging        | |  2.9
Spellcasting   | |  1.0
Hexes          | |  2.0

Action                   |  1- 3 |  4- 6 || total
-------------------------+-------+-------++-------
Melee: Spear             |    47 |    40 ||    87
       Headbutt          |     6 |     4 ||    10
 Fire: Shortbow          |    49 |       ||    49
  Use: Scroll            |     2 |     3 ||     5
       Potion            |       |     1 ||     1
 Stab: Sleeping          |       |     1 ||     1
Armor: Leather armour    |     3 |     6 ||     9
       Robe              |     1 |       ||     1
Dodge: Dodged            |    21 |    26 ||    47

Table legend: (Time is in decaauts)
 A = Elapsed time spent in this place.
 B = Non-inter-level travel time spent in this place.
 C = Inter-level travel time spent in this place.
 D = Time resting spent in this place.
 E = Time spent auto-exploring this place.
 F = Levels seen in this place.
 G = Mean time per level.
                   A        B        C        D        E       F      G
               +--------+--------+--------+--------+--------+-----+--------+
         Total |   3241 |   3136 |    105 |      0 |   2782 |   3 | 1080.3 |
       Dungeon |   3241 |   3136 |    105 |      0 |   2782 |   3 | 1080.3 |
               +--------+--------+--------+--------+--------+-----+--------+

Top non-repeatable levels by time:
     D:2: 1486 daAuts
     D:1: 1352 daAuts
     D:3: 402 daAuts
